[Event "*** Titled Tuesday Blitz"]
[Site "Chess.com"]
[Date "2020.11.03"]
[Round "7"]
[White "Hikaru"]
[Black "jefferyx"]
[Result "1/2-1/2"]
[WhiteElo "3213"]
[BlackElo "2934"]
[TimeControl "180+1"]
[EndTime "11:22:04 PST"]
[Termination "Game drawn - insufficient material"]

1. Nf3 Nf6 2. b3 d5 3. Bb2 g6 4. Bxf6 exf6 5. e3 Bg7 6. d4 O-O 7. g3 Nd7 8. Bg2 f5 9. O-O Nf6 10. Nbd2 a5 11. c4 Re8 12. Qc2 Bf8 13. a3 c6 14. Qb2 h5 15. Rac1 Qe7 16. Ra1 Be6 17. Rfc1 Bh6 18. Ne5 h4 19. b4 axb4 20. Qxb4 hxg3 21.
hxg3 dxc4 22. Qxe7 Rxe7 23. Ndxc4 Ra4 24. Nb6 Ra6 25.
Rcb1 Ne4 26. a4 Nxg3 27. a5 Ne2+ 28. Kh2 Nc3 29. Rc1 Nb5 30. Bf1 f4 31. Re1 fxe3 32.
fxe3 Ra7 33. a6 Rxa6 34. Rxa6 bxa6 35. Nxc6 Rb7 36. Na4 Rc7 37. Nb4 Nd6 38. Nc5 Nf5 39. Nbxa6 Rc8 40. Nxe6 fxe6 41. Nc5 Bxe3 42. Nxe6 Rc2+ 43.
Kh3 Bxd4 44. Nf4 Rc3+ 45. Kg2 Rg3+ 46. Kh1 Rg1+ 47. Kh2 Rg4 48. Nh3 Kf7 49. Bg2 Kf6 50.
Re4 Be5+ 51. Kg1 Bd4+ 52. Kh2 Be5+ 53. Kg1 Rg3 54. Nf2 Bd4 55. Rxd4 Rxg2+ 56. Kxg2 Nxd4 57. Ne4+ Ke5 58. Nf2 Kf4 59. Nd3+ Ke4 60. Nf2+ Ke3 61. Ng4+ Kf4 62. Nf2 Ne6 63. Nd3+ Ke4 64. Nf2+ Ke3 65. Kg3 Nc5 66. Ng4+ Ke4 67. Nf6+ Kf5 68. Nd5 Ne4+ 69. Kg2 Ke5 70. Ne7 g5 71. Nc6+ Kf4 72. Nd4 g4 73. Ne2+ Ke3 74. Ng3 Nxg3 75. Kxg3 Ke4 76. Kxg4 1/2-1/2

[Event "*** Titled Tuesday Blitz"]
[Site "Chess.com"]
[Date "2020.11.03"]
[Round "7"]
[White "Mazetovic"]
[Black "KaterinaMiroshnik"]
[Result "0-1"]
[WhiteElo "2740"]
[BlackElo "2548"]
[TimeControl "180+1"]
[EndTime "11:22:04 PST"]
[Termination "KaterinaMiroshnik won by resignation"]

1. e4 g6 2. d4 Bg7 3. Nc3 d6 4. Be3 Nd7 5. f4 e5 6. Nf3 exf4 7. Bxf4 Ngf6 8. Qd2 O-O 9. O-O-O Re8 10. Bc4 Nb6 11. Bb3 Be6 12. Bg5 Bxb3 13. axb3 Qd7 14. Rhe1 a5 15.
e5 dxe5 16. dxe5 Qxd2+ 17. Rxd2 Nfd7 18. Nb5 Rac8 19. Bf4 Nc5 20. Red1 Ne6 21. Be3 Na8 22. Rd7 Bf8 23. c3 Bc5 24. Bh6 Nb6 25. R7d3 c6 26. Nd6 Bxd6 27. Rxd6 a4 28. Nd2 axb3 29. Nxb3 Nc4 30.
Rd7 b5 31. Re1 Red8 32. Rxd8+ Rxd8 33. Nd2 Nc5 34. Nxc4 Nd3+ 35. Kb1 Nxe1 36. Nd6 Rd7 37. Ne4 Rd1+ 38. Ka2 Nxg2 39. Nf6+ Kh8 40. Kb3 Ne1 41. Kb4 Nd3+ 42. Ka5 Nxe5 43. Kb6 g5 44. Bxg5 Kg7 45.
Ne4 Kg6 46. Bf4 f5 47. Nc5 Nc4+ 48. Kxc6 Rf1 49. Bc7 f4 50. b3 Ne3 51. Kxb5 f3 52. c4 Nc2 53. Bg3 Nd4+ 54. Kb6 Ne2 55. Ne4 Nxg3 56. Nxg3 Rb1 57. c5 Rxb3+ 58. Kc7 f2 59.
Nf1 Rb1 60. Ng3 f1=Q 61. Nxf1 Rxf1 62. c6 Kf7 63. Kd7 Rd1+ 64. Kc8 Ke7 65. c7 Rc1 0-1

[Event "*** Titled Tuesday Blitz"]
[Site "Chess.com"]
[Date "2020.11.03"]
[Round "7"]
[White "PavelShkapenko"]
[Black "Shield12"]
[Result "0-1"]
[WhiteElo "2640"]
[BlackElo "2904"]
[TimeControl "180+1"]
[EndTime "11:22:05 PST"]
[Termination "Shield12 won by resignation"]

1. e4 e5 2. Nf3 Nc6 3. Bc4 Bc5 4. c3 Nf6 5. d4 exd4 6. cxd4 Bb4+ 7. Bd2 Nxe4 8. Bxb4 Nxb4 9. Bxf7+ Kxf7 10. Qb3+ Kf8 11. Qxb4+ Qe7 12. Qxe7+ Kxe7 13. O-O Re8 14. Re1 Kd8 15.
Ne5 d5 16. Nf7+ Ke7 17. Ng5 Bf5 18. Nxe4 dxe4 19. f3 Kd7 20. fxe4 Rxe4 21. Rxe4 Bxe4 22. Nc3 Bg6 23. Re1 Rf8 24. Rf1 Re8 25. Kf2 c6 26.
Re1 Rf8+ 27. Ke3 Kd6 28. b4 a5 29. b5 Re8+ 30. Kd2 Rxe1 31. Kxe1 cxb5 32. Nxb5+ Kc6 33. Nc3 b5 34. a3 b4 35. axb4 axb4 36. Na4 Kd5 37.
Kd2 Kxd4 38. Nb2 Be4 39. g3 Bf5 40. Na4 Kc4 41. Kc1 Kb3 42. Nc5+ Kc3 43. Na4+ Kd3 44.
Nc5+ Ke3 45. Na6 Kf2 46. Nxb4 Kg2 47. Nd5 Kxh2 48. Ne3 Be6 49. g4 Kg3 50. g5 Kf4 51. g6 h5 52. Kd2 Kg5 53. Ke2 Kxg6 54. Kf2 Kg5 55. Kg3 Bd7 56. Nc4 h4+ 57. Kh2 Kf4 58.
Nb6 Be6 59. Na4 g5 60. Nc5 Bd5 61. Nd3+ Kf5 62. Nf2 g4 63. Nd3 Be4 64. Nc5 Kf4 65.
Ne6+ Ke3 66. Ng5 Bf5 67. Kg2 Kf4 68. Nf7 h3+ 69. Kh2 g3+ 70. Kg1 h2+ 0-1

[Event "*** Titled Tuesday Blitz"]
[Site "Chess.com"]
[Date "2020.11.03"]
[Round "7"]
[White "Flawless_Fighter"]
[Black "Balla_Tamas"]
[Result "1-0"]
[WhiteElo "2662"]
[BlackElo "2498"]
[TimeControl "180+1"]
[EndTime "11:22:05 PST"]
[Termination "Flawless_Fighter won on time"]

1. d4 f5 2. c4 Nf6 3. g3 e6 4. Bg2 d5 5. Nf3 c6 6. Bf4 Be7 7. O-O O-O 8. Nc3 Bd7 9. c5 Be8 10. b4 Bh5 11. Rb1 Bxf3 12. exf3 Nh5 13. Bc1 g5 14.
Re1 Ng7 15. b5 b6 16. f4 gxf4 17. Bxf4 bxc5 18. dxc5 Bxc5 19. a4 Bd6 20. Qd2 Bxf4 21. Qxf4 cxb5 22. Rxb5 Nd7 23. Rb7 Nc5 24. Qc7 Nxb7 25.
Qxb7 Qc8 26. Qb3 Rb8 27. Qa3 Qc4 28. Nb5 a6 29. Nd6 Qb4 30. Qxb4 Rxb4 31. Rc1 Rb6 32. Nc8 Rb4 33. Rc7 Rc4 34. Ne7+ Kh8 35. Ra7 Rxa4 36. Nc6 Ra1+ 37. Bf1 d4 38. Kg2 e5 39. Nxe5 Ne6 40. Bc4 Ng5 41. h4 Ne4 42. Nf7+ Rxf7 43.
Rxf7 Nd6 44. Rf8+ Kg7 45. Rg8+ Kf6 46. Bd5 d3 47. Rd8 Ke5 48. Bf3 d2 49. Rd7 d1=Q 50. Bxd1 Rxd1 51. Rxh7 a5 52. Re7+ Kf6 53. Ra7 Ra1 54. Ra6 Ke5 55. h5 Ne4 56. h6 Ra2 57. h7 Rxf2+ 58. Kg1 1-0

[Event "*** Titled Tuesday Blitz"]
[Site "Chess.com"]
[Date "2020.11.03"]
[Round "7"]
[White "tylityli"]
[Black "Bacyanide"]
[Result "1-0"]
[WhiteElo "2282"]
[BlackElo "2398"]
[TimeControl "180+1"]
[EndTime "11:22:06 PST"]
[Termination "tylityli won on time"]

1. d4 Nf6 2. c4 g6 3. Nc3 Bg7 4. e4 d6 5. Nge2 O-O 6. Ng3 e5 7. d5 a5 8. Be2 Na6 9. O-O Nc5 10. Be3 Bd7 11. b3 c6 12. Rc1 cxd5 13. cxd5 Rc8 14.
f3 Qe7 15. Qd2 Rc7 16. Bb5 Rfc8 17. Bxd7 Nfxd7 18. Nb5 b6 19. Nxc7 Rxc7 20. Rc2 Rc8 21. Rfc1 Rf8 22. Bh6 f5 23. Bxg7 Kxg7 24. Qc3 f4 25. Nf1 g5 26. a3 Nf6 27. b4 axb4 28. axb4 Ncd7 29. Qd3 g4 30. Rc8 Rf7 31. R1c7 h5 32. Nd2 Nh7 33. Ra8 Qh4 34. Raa7 Qe1+ 35. Nf1 Nhf6 36. Qd2 Qb1 37. Qc3 Kg6 38. Qc6 Qxb4 39.
Qc4 Qe1 40. Qc1 Qe2 41. Qc2 Qe1 42. Qc1 Qb4 43. Qc3 Qb5 44. Qc4 Qb2 45. Qc3 Qxc3 46. Rxc3 Nc5 47. Rxf7 Kxf7 48. Kf2 Nfd7 49. Nd2 b5 50. Ke2 b4 51. Rc4 b3 52. Rb4 h4 53.
fxg4 Nf6 54. Kf3 Nd3 55. Rxb3 Ne1+ 56. Kf2 Nc2 57. Rc3 Nd4 58. g5 Ng4+ 59. Kg1 Kg6 60. Rc8 Kxg5 61. h3 1-0

[Event "*** Titled Tuesday Blitz"]
[Site "Chess.com"]
[Date "2020.11.03"]
[Round "7"]
[White "FMJoseHerrera"]
[Black "AlexOstrovskiy"]
[Result "1-0"]
[WhiteElo "2585"]
[BlackElo "2783"]
[TimeControl "180+1"]
[EndTime "11:22:07 PST"]
[Termination "FMJoseHerrera won by resignation"]

1. Nf3 d5 2. g3 Nd7 3. Bg2 e5 4.
O-O e4 5. Ne1 f5 6. c4 dxc4 7.
d3 cxd3 8. exd3 Nc5 9. d4 Ne6 10. d5 Nf6 11. Nc3 Nc5 12. b4 Ncd7 13. Nc2 Bd6 14. Nd4 Nb6 15. a3 O-O 16. Qb3 Kh8 17. Bg5 h6 18. Be3 Qe8 19. Nde2 Qf7 20. Rad1 a5 21.
Bxb6 cxb6 22. Nb5 Be5 23. Qe3 Nxd5 24. Qb3 Nf4 25. Qc2 Nxg2 26. Kxg2 f4 27. Ned4 f3+ 28. Kg1 Qg6 29. Nxf3 Rxf3 30. Rd8+ Kh7 31. Rxc8 Rxc8 32. Qxc8 Qc6 33. Qg4 e3 34. Na7 Qd5 35. fxe3 Rxf1+ 36. Kxf1 Qd3+ 37. Qe2 Qxa3 38. bxa5 Qf8+ 39.
Kg2 bxa5 40. Qc2+ Kh8 41. Qe4 Qe7 42. Nb5 Qf6 43. Qxb7 a4 44. Qa8+ Kh7 45. Qxa4 Qc6+ 46.
Kh3 Qe6+ 47. Qg4 Qf6 48. Qe4+ g6 49. Nd4 Qf1+ 50. Qg2 Qf7 51. Qe4 Qf1+ 52. Qg2 Qf7 53. Nf3 Qd7+ 54. g4 Bf6 55. Qg3 h5 56. Qf4 Kg7 57.
Kg3 hxg4 58. Qxg4 Qc7+ 59. Qf4 Qe7 60. h3 Qe6 61. Nd4 Qe7 62. Kf3 Qb7+ 63. Qe4 Qc7 64. Qg4 Qe7 65. Nf5+ 1-0

[Event "*** Titled Tuesday Blitz"]
[Site "Chess.com"]
[Date "2020.11.03"]
[Round "7"]
[White "FontVella8"]
[Black "Vesper2018"]
[Result "0-1"]
[WhiteElo "2483"]
[BlackElo "2616"]
[TimeControl "180+1"]
[EndTime "11:22:08 PST"]
[Termination "Vesper2018 won by resignation"]

1. e4 c5 2. Nf3 d6 3. d4 cxd4 4. Qxd4 Nf6 5. Be2 Nc6 6. Qe3 g6 7. c4 Bg7 8. Nc3 O-O 9. O-O Bg4 10. Rd1 e5 11. b3 Bxf3 12. Bxf3 Nd4 13. Bb2 Nc2 14.
Qd2 Nxa1 15. Bxa1 Qa5 16. Qe3 Rfd8 17. Bb2 a6 18. a3 Rac8 19. b4 Qc7 20. Be2 Qe7 21.
g3 Qe6 22. Kg2 Rxc4 23. Bxc4 Qxc4 24. Qb6 Rd7 25. Rxd6 Rxd6 26. Qxd6 h5 27. f3 h4 28.
Qd2 hxg3 29. hxg3 b5 30. Nd5 Ne8 31. Bc3 Kf8 32. f4 Qxe4+ 33. Kf2 exf4 34. Bxg7+ Nxg7 35. Nxf4 Nf5 36. Qc3 Qd4+ 37. Qxd4 Nxd4 38. Ke3 Nc2+ 39.
Ke4 Nxa3 40. Kd5 Nc4 41. Kc6 Kg7 42. Nd3 f5 43. Kb7 a5 44. bxa5 Nxa5+ 45. Kb6 Nc4+ 46. Kxb5 Ne3 47. Kc5 Nf1 48. Kd5 Nxg3 49. Ke5 g5 50.
Nc5 Kg6 51. Ne6 Kh5 52. Ng7+ Kg4 53. Ne6 f4 54. Kd4 Nf5+ 55. Ke4 f3 56. Nxg5 f2 57. Nf3 Kg3 58. Nd2 Nd6+ 59. Ke3 Nc4+ 60. Nxc4 f1=Q 61. Nd2 Qf4+ 62. Kd3 Qe5 63. Nf1+ Kf2 64. Nd2 Qd5+ 65. Kc3 Ke3 0-1

[Event "*** Titled Tuesday Blitz"]
[Site "Chess.com"]
[Date "2020.11.03"]
[Round "7"]
[White "Loy_Konstantin"]
[Black "LisikValera"]
[Result "1-0"]
[WhiteElo "2385"]
[BlackElo "2516"]
[TimeControl "180+1"]
[EndTime "11:22:08 PST"]
[Termination "Loy_Konstantin won on time"]

1. e4 e6 2. d3 d5 3. Nd2 Nf6 4. Ngf3 Nc6 5. c3 Bd6 6. Be2 e5 7. O-O O-O 8. b4 a6 9. a3 Bg4 10. Re1 Re8 11. Bb2 Bf8 12. Qc2 Qd6 13. Nf1 Rad8 14.
Rad1 Bxf3 15. Bxf3 d4 16. cxd4 Nxd4 17. Bxd4 exd4 18.
g3 c5 19. bxc5 Qxc5 20. Qxc5 Bxc5 21. a4 Bb4 22. Re2 Bc3 23. Rb1 Rb8 24. e5 Nd7 25. Rxb7 Nc5 26. Ra7 Nxd3 27. Bd5 Rxe5 28. Bxf7+ Kf8 29. Rxe5 Nxe5 30. Bh5 g6 31. Bd1 Rb1 32.
Bc2 Rc1 33. Be4 d3 34. Kg2 d2 35. Nxd2 Bxd2 36. Rxa6 Rc4 37. Bd5 Rb4 38. Ra8+ Ke7 39. Ra7+ Kd6 40. Bg8 Rb2 41. Bxh7 Be3 42. Ra6+ Ke7 43.
Bg8 Rxf2+ 44. Kh3 g5 45. Re6+ Kf8 46. Rxe5 Bd4 47. Re4 Bf6 48. Bd5 Kg7 49. Kg4 Rd2 50.
Bc6 Ra2 51. Bb5 Rxh2 52. Kf5 Rf2+ 53. Kg4 Ra2 54. Rc4 Ra3 55. Re4 Bd8 56. Bc6 Kf6 57. Bd5 Bc7 58. Re6+ Kg7 59. Rc6 Bxg3 60. Kxg5 Be1 61.
Rg6+ Kf8 62. Kf6 1-0

[Event "*** Titled Tuesday Blitz"]
[Site "Chess.com"]
[Date "2020.11.03"]
[Round "7"]
[White "JosefineHeinemann"]
[Black "S2PAc"]
[Result "1/2-1/2"]
[WhiteElo "2606"]
[BlackElo "2844"]
[TimeControl "180+1"]
[EndTime "11:22:09 PST"]
[Termination "Game drawn by repetition"]

1. e4 c6 2. d4 d5 3. Nd2 g6 4. Ngf3 Bg7 5. e5 f6 6. exf6 exf6 7. Bd3 Nh6 8. O-O O-O 9. h3 Bf5 10. Bxf5 Nxf5 11. c3 Nd6 12. Re1 Nd7 13. Nf1 Ne4 14.
N3d2 f5 15. f3 Nd6 16. Ng3 f4 17. Ne2 g5 18. Nf1 Nf5 19. Qd3 Qf6 20. Bd2 Rae8 21.
Rad1 Nb6 22. b3 Nc8 23. Nc1 Ncd6 24. Rxe8 Rxe8 25. Re1 Rf8 26. Qe2 Re8 27. Qd3 Rxe1 28. Bxe1 h5 29. Bf2 Qg6 30. Ne2 Kf7 31. c4 Qe6 32. c5 Nb5 33. a4 Nc7 34. h4 Bf6 35.
hxg5 Bxg5 36. g3 Qg6 37. g4 hxg4 38. fxg4 Nh6 39. Qxg6+ Kxg6 40. Nh2 Ne8 41. Kg2 Nf6 42. Kf3 Ne4 43. Be1 Nf7 44. Nxf4+ Bxf4 45. Kxf4 Nfg5 46. Bh4 Nh3+ 47. Ke3 Ng1 48. b4 Nc3 49. a5 Nd1+ 50. Kd2 Nb2 51. Ke3 Nd1+ 52. Kd2 Nb2 53. Ke3 Nc4+ 54.
Kd3 Nh3 55. Nf3 Nf4+ 56. Kc3 Ne2+ 57. Kd3 Nf4+ 58. Kc3 Ng2 59. Bd8 Nge3 60. g5 Ng4 61. Kd3 Kh5 62. Kc3 a6 63. Be7 Nf2 64. Bd8 Ne4+ 65.
Kd3 Kg6 66. Nh4+ Kh5 67. Nf3 Nf2+ 68. Kc3 Ng4 69. Kd3 Kg6 70. Nh4+ Kh5 71. Nf3 Nf2+ 72. Kc3 1/2-1/2

[Event "*** Titled Tuesday Blitz"]
[Site "Chess.com"]
[Date "2020.11.03"]
[Round "7"]
[White "JoliyRoger"]
[Black "petrkostenko"]
[Result "1-0"]
[WhiteElo "2375"]
[BlackElo "2439"]
[TimeControl "180+1"]
[EndTime "11:22:10 PST"]
[Termination "JoliyRoger won on time"]

1. Nf3 e6 2. c4 Nf6 3. d4 d5 4.
cxd5 exd5 5. Nc3 c6 6. Bg5 h6 7.
Bh4 Bf5 8. e3 Nbd7 9. Bd3 Bxd3 10. Qxd3 Be7 11. O-O O-O 12. Rab1 Re8 13. b4 a6 14. a4 b5 15. Bxf6 Bxf6 16. a5 Rc8 17. Rfc1 Be7 18. Rc2 Bd6 19. Qf5 Qe7 20. Na2 Nf6 21. Ne1 g6 22. Qf3 Ne4 23. Nd3 h5 24. Rbc1 Qd7 25. Qh3 Qxh3 26. gxh3 Re6 27. Kg2 Bf8 28.
Ne5 f6 29. Nxc6 Kg7 30. Na7 Rc4 31. f3 Ng5 32. h4 Nf7 33. Kf2 Re7 34. Rxc4 bxc4 35.
Nc8 Rb7 36. Nb6 Bd6 37. Nxd5 Bxh2 38. Nb6 Nd6 39. Nxc4 Nxc4 40. Rxc4 Bd6 41. Rc6 Bxb4 42. Rb6 Rxb6 43. axb6 Bd6 44. b7 Kf7 45. Nc3 Ke7 46.
Nd5+ Ke6 47. Nb6 a5 48. Nc4 Bc7 49. Nxa5 Kd7 50. Nc4 Kc6 51. e4 Kxb7 52. d5 Kc8 53.
Nd2 Kd7 54. Kg2 Bf4 55. Nc4 Ke7 56. Nb2 Kd6 57. Nd3 Be3 58. Kg3 g5 59. hxg5 fxg5 60.
Ne1 Ke5 61. Ng2 Bd2 62. Kf2 h4 63. Ne3 Bb4 64. Ng4+ Kf4 65. Kg2 1-0

[Event "*** Titled Tuesday Blitz"]
[Site "Chess.com"]
[Date "2020.11.03"]
[Round "7"]
[White "Roza_Idrisova"]
[Black "Everyfishknows"]
[Result "1/2-1/2"]
[WhiteElo "2206"]
[BlackElo "2401"]
[TimeControl "180+1"]
[EndTime "11:22:11 PST"]
[Termination "Game drawn - insufficient material"]

1. d4 Nf6 2. Nf3 g6 3. c4 Bg7 4. Nc3 O-O 5. e4 d6 6. Be2 e5 7. O-O Na6 8. h3 exd4 9. Nxd4 Re8 10. f3 Nh5 11. Be3 Qh4 12. Qd2 Nc5 13. Nb3 Ne6 14.
Rfd1 Be5 15. Bf1 Qg3 16. Ne2 Qh2+ 17. Kf2 Nef4 18. Nxf4 Nxf4 19. Ke1 Be6 20. Nc1 Qg3+ 21. Bf2 Nxg2+ 22. Bxg2 Qxg2 23. Qe2 Bxh3 24. Nb3 Bf4 25. Qd3 Be6 26. Nd4 Qh1+ 27. Ke2 Qh5 28. Rh1 Qe5 29. Rad1 Rad8 30. b3 a6 31. Nc2 c5 32. Ne3 b5 33.
Nd5 Bxd5 34. Qxd5 Qxd5 35. Rxd5 bxc4 36. bxc4 Rb8 37. Be3 Rb2+ 38. Rd2 Rxd2+ 39. Kxd2 Bxe3+ 40. Kxe3 Rb8 41. Rd1 Rb2 42. Rxd6 Rxa2 43. Rc6 Ra3+ 44. Kf4 Ra5 45. Kg5 Kg7 46. e5 h6+ 47. Kf4 Ra3 48.
Rxc5 a5 49. Rc7 Kf8 50. Ke4 Rc3 51. f4 Rc1 52. Kd5 Rd1+ 53. Ke4 a4 54. Ra7 Ra1 55. Kd5 Rd1+ 56. Ke4 Ra1 57. Kd5 a3 58. e6 fxe6+ 59.
Kxe6 a2 60. Kf6 Ke8 61. c5 g5 62. Ra8+ Kd7 63. Ra7+ Kc6 64. fxg5 Rf1+ 65. Kg6 a1=Q 66. Rxa1 Rxa1 67. gxh6 Rg1+ 68. Kf7 Kxc5 69. h7 Rh1 70. Kg7 Kd6 71. h8=Q Rxh8 72. Kxh8 1/2-1/2

[Event "*** Titled Tuesday Blitz"]
[Site "Chess.com"]
[Date "2020.11.03"]
[Round "7"]
[White "LubovMarkelova"]
[Black "tteshan"]
[Result "1-0"]
[WhiteElo "2246"]
[BlackElo "2352"]
[TimeControl "180+1"]
[EndTime "11:22:13 PST"]
[Termination "LubovMarkelova won by resignation"]

1. Nf3 c5 2. c4 Nc6 3. Nc3 g6 4. g3 Bg7 5. Bg2 e6 6. d3 Nge7 7. h4 h5 8. Bf4 O-O 9. Ne4 Nf5 10.
Qd2 b6 11. Nd6 Nxd6 12. Bxd6 Re8 13. Ne5 Bb7 14. g4 Bxe5 15. Bxe5 Nxe5 16. Bxb7 Rb8 17. gxh5 Rxb7 18. hxg6 fxg6 19. O-O-O d6 20. h5 Rg7 21. f4 Nc6 22. hxg6 Qf6 23. Qe3 Nd4 24. Kb1 Nf5 25. Qe4 Qd4 26. Qc6 Rf8 27. Rdg1 Qxf4 28.
Rf1 Qe5 29. Rh7 Rxg6 30. Rfh1 d5 31. Qd7 Rh6 32. Rg1+ Ng3 33. Rxg3+ Qxg3 34. Rxh6 Qg1+ 35. Kc2 Qg7 36. Qxg7+ Kxg7 37. Rxe6 dxc4 38. dxc4 Rf7 39. Kd3 Rd7+ 40. Kc3 Kf7 41. Re4 Kf6 42. Re3 Kf5 43.
Rd3 Re7 44. Kd2 Rh7 45. Rd5+ Ke6 46. Kd3 a6 47. a3 Rh3+ 48. e3 Rh2 49. b4 cxb4 50.
axb4 Rb2 51. Kc3 Ra2 52. Kb3 Re2 53. Rd3 Ke5 54. c5 bxc5 55. bxc5 Ke4 56. Rc3 Rh2 57. Kc4 Rh8 58. c6 Rc8 59. Kc5 Ke5 60. Kb6 Kd6 61. Rd3+ Ke6 62. Kb7 Rh8 63. c7 Rh7 64. Kb8 Rxc7 1-0

[Event "*** Titled Tuesday Blitz"]
[Site "Chess.com"]
[Date "2020.11.03"]
[Round "7"]
[White "keshka01"]
[Black "InitiatingASC"]
[Result "1/2-1/2"]
[WhiteElo "2561"]
[BlackElo "2405"]
[TimeControl "180+1"]
[EndTime "11:22:14 PST"]
[Termination "Game drawn by repetition"]

1. Nf3 Nf6 2. b3 e6 3. Bb2 b6 4. g3 Bb7 5. Bg2 Be7 6. O-O O-O 7. c4 c5 8. Nc3 d6 9. d4 cxd4 10. Qxd4 Nbd7 11. e4 a6 12. Rad1 Qc7 13. Qe3 Rac8 14. Nd4 Rfe8 15. Rfe1 Qb8 16. h3 Qa8 17. Qd2 Nf8 18. Re2 N6d7 19. Qe1 Nc5 20. f4 Red8 21.
g4 Bf6 22. Kh2 Bxd4 23. Rxd4 e5 24. fxe5 dxe5 25. Rxd8 Rxd8 26. Nd5 Nd3 27. Qc3 Nxb2 28. Qxb2 Bxd5 29. exd5 f6 30. Be4 Qc8 31. Qc2 Qc5 32.
Rg2 h6 33. Qc3 b5 34. Bf5 Rxd5 35. Qf3 bxc4 36. bxc4 Qxc4 37. Rc2 Qf4+ 38. Qxf4 exf4 39. Rc8 Rd2+ 40. Kg1 Kf7 41. Rc7+ Kg8 42. Rc8 Kf7 43. Rc7+ Ke8 44. Rxg7 Rxa2 45. Ra7 f3 46. Kf1 Kd8 47. Ra8+ Ke7 48. Ra7+ Kd6 49. Rf7 Ke5 50. Rxf8 Kf4 51.
Re8 Kg3 52. Re3 Ra1+ 53. Re1 Ra2 54. Re3 Rh2 55. Kg1 Ra2 56. Bd3 Ra1+ 57. Bf1 Ra2 58. Rc3 a5 59. Rd3 a4 60. Rc3 a3 61. Rd3 Ra1 62.
Rc3 a2 63. Ra3 Kf4 64. Kf2 Kg5 65. Ra5+ Kg6 66. Ra4 Kg5 67. Ra5+ Kg6 68. Bd3+ Kf7 69. Bf1 Kg6 1/2-1/2

[Event "*** Titled Tuesday Blitz"]
[Site "Chess.com"]
[Date "2020.11.03"]
[Round "7"]
[White "BlackBoarder"]
[Black "Xeniya2005"]
[Result "0-1"]
[WhiteElo "2529"]
[BlackElo "2402"]
[TimeControl "180+1"]
[EndTime "11:22:14 PST"]
[Termination "Xeniya2005 won on time"]

1. e4 e6 2. d4 d5 3. Bd3 dxe4 4. Bxe4 Nf6 5. Bf3 Be7 6. Ne2 c5 7. O-O O-O 8. Be3 Qc7 9. dxc5 Bxc5 10. Bxc5 Qxc5 11.
Nbc3 Nc6 12. Bxc6 Qxc6 13. Nd4 Qb6 14. Nb3 a6 15. Qd4 Qc7 16. Rad1 b6 17. Qd6 Qa7 18.
Na4 b5 19. Nac5 Bb7 20. Nxb7 Qxb7 21. Nc5 Qa7 22. Nd7 Nxd7 23. Qxd7 Qc5 24. c3 h6 25. Rd4 Rfc8 26. Rfd1 a5 27. Qd6 Qxd6 28. Rxd6 b4 29. R6d3 bxc3 30. Rxc3 Rxc3 31. bxc3 Rc8 32. Rc1 Kf8 33. Kf1 Ke7 34. Ke2 Rc4 35. Kd3 Ra4 36.
Rc2 Kd6 37. Rb2 Kc6 38. g3 e5 39. f3 f5 40. Re2 Kd5 41. Rb2 e4+ 42. fxe4+ fxe4+ 43.
Kd2 Kc4 44. Ke3 Kxc3 45. Rb7 Rxa2 46. Rxg7 Rxh2 47. Kxe4 Kb3 48. Rb7+ Ka3 49. Kf4 a4 50. g4 Rf2+ 51. Kg3 Rb2 52. Rh7 Rb6 53. Rf7 Ka2 54. Rf2+ Ka3 55. Kh4 Kb3 56. Rf3+ Kc4 57. Rf4+ Kb5 58. Rf5+ Ka6 59. Rf4 Ka5 60. Rf5+ Rb5 61. Rf6 a3 62. Rxh6 a2 63. Rh8 Rb6 64. Ra8+ Ra6 0-1

[Event "*** Titled Tuesday Blitz"]
[Site "Chess.com"]
[Date "2020.11.03"]
[Round "7"]
[White "Meri-Arabidze"]
[Black "Jospem"]
[Result "0-1"]
[WhiteElo "2659"]
[BlackElo "2995"]
[TimeControl "180+1"]
[EndTime "11:22:15 PST"]
[Termination "Jospem won on time"]

1. Nf3 c5 2. b3 Nc6 3. Bb2 d5 4. e3 a6 5. d4 cxd4 6. exd4 Bg4 7. Bd3 Nf6 8. a3 e6 9. Nbd2 Bd6 10. h3 Bh5 11.
O-O Bg6 12. Qe2 Nh5 13. Bxg6 hxg6 14. Ne5 Bxe5 15. dxe5 Nf4 16. Qe3 Qg5 17. g3 Nxh3+ 18. Kg2 Qxe3 19. fxe3 Ng5 20. c4 Rd8 21. cxd5 Rxd5 22.
Nc4 b5 23. Nd6+ Ke7 24. Rad1 Rxe5 25. Bxe5 Nxe5 26. Rf4 f5 27. a4 bxa4 28. Rxa4 Ng4 29.
Rxg4 fxg4 30. Nb7 Nf3 31. Rh1 Rc8 32. Ra1 Rc2+ 33. Kf1 Nd2+ 34. Kg1 Nf3+ 35. Kf1 Rc6 36. b4 Rb6 37. Nc5 Rxb4 38. Rxa6 Ng5 39. Ra7+ Kd6 40. Nd3 Rb1+ 41. Ke2 Ne4 42. Rxg7 Nxg3+ 43. Kd2 Ne4+ 44.
Kc2 Rg1 45. Rxg6 Rg2+ 46. Kb3 Rg3 47. Kc4 Rxe3 48. Rxg4 Nf6 49. Rd4+ Nd5 50. Nb4 Rc3+ 51. Kb5 Rc5+ 52. Ka4 Ke5 53. Rd1 Rc4 54. Re1+ Kf5 55.
Rf1+ Kg6 56. Rg1+ Kf6 57. Rf1+ Ke7 58. Rb1 Rxb4+ 59. Rxb4 Nxb4 60. Kxb4 Kd6 61. Kc4 Ke5 62. Kd3 Kf4 0-1

[Event "*** Titled Tuesday Blitz"]
[Site "Chess.com"]
[Date "2020.11.03"]
[Round "7"]
[White "fcliverpul"]
[Black "Heineccius"]
[Result "1-0"]
[WhiteElo "2395"]
[BlackElo "2526"]
[TimeControl "180+1"]
[EndTime "11:22:16 PST"]
[Termination "fcliverpul won by resignation"]

1. e4 c5 2. Nf3 e6 3. d4 cxd4 4. Nxd4 Nc6 5. Nc3 Qc7 6. Be2 a6 7.
O-O Nf6 8. Be3 Bb4 9. Na4 Be7 10. Nxc6 bxc6 11. Nb6 Rb8 12. Nxc8 Qxc8 13. Bd4 c5 14.
Be5 Rb6 15. b3 O-O 16. Bd3 d6 17. Bc3 Nd7 18. f4 d5 19. exd5 exd5 20. Qh5 Rh6 21. Qxd5 Bf6 22. Bxf6 Nxf6 23. Qf3 Qe6 24. Rae1 Qd6 25.
h3 Qd4+ 26. Qe3 Qd6 27. Qe5 Qb6 28. c4 Qc6 29. Be4 Nxe4 30. Qxe4 Qf6 31. Qe5 Qg6 32.
f5 Qg5 33. Rf3 Qd2 34. Re2 Qd1+ 35. Rf1 Qd3 36. Qe3 Qd6 37. Qe5 Qc6 38. Qd5 Qb6 39.
Re5 Rf6 40. Qxc5 Qd8 41. Rd5 Qe8 42. Qd4 Qe2 43. Qd2 Qe4 44. Rf4 Qe7 45. Rf2 h5 46.
Re2 Qa7+ 47. c5 Qc7 48. b4 h4 49. Rf2 Qg3 50. Rf3 Qc7 51. Rd4 Re8 52. Rxh4 Qe5 53. Rhf4 Qa1+ 54. Rf1 Qe5 55. a3 Qc7 56. Rd4 Qe5 57.
Rd8 Kh7 58. Rxe8 Qxe8 59. Qd3 Qe5 60. Rf3 Qe1+ 61. Kh2 Qc1 62. Qe3 Qd1 63. Qf4 Qd5 64. Qh4+ Kg8 65. Qg4 Qe5+ 66. Qg3 Qd5 67. Qb8+ Kh7 68.
Rf4 Rh6 69. Qc7 Qb3 70. Rf3 Qc4 71. Qf4 Qd5 72. Rg3 Qd7 73. Qg5 f6 74. Qg4 Qe7 75.
Rf3 Qd7 76. Qf4 Qe7 77. Re3 Qd7 78. Re6 Qd2 79. Qxd2 1-0

[Event "*** Titled Tuesday Blitz"]
[Site "Chess.com"]
[Date "2020.11.03"]
[Round "7"]
[White "Ladislav1969"]
[Black "Skatchkov_V"]
[Result "0-1"]
[WhiteElo "2343"]
[BlackElo "2494"]
[TimeControl "180+1"]
[EndTime "11:22:19 PST"]
[Termination "Skatchkov_V won on time"]

1. e4 e5 2. Bc4 Nf6 3. d3 c6 4.
Nf3 d5 5. Bb3 Bb4+ 6. Bd2 Bxd2+ 7. Nbxd2 a5 8. c3 Qc7 9. O-O O-O 10. Re1 Nbd7 11. d4 exd4 12. cxd4 dxe4 13. Nxe4 Nxe4 14. Rxe4 Nf6 15. Re3 Bg4 16. h3 Bxf3 17. Qxf3 Rad8 18. Rd1 Rd6 19. Qf4 Qd7 20. Qe5 b5 21. a3 Re8 22.
Qf4 Rd8 23. Rc3 Nd5 24. Bxd5 Rxd5 25. Qf3 h6 26. Rdc1 Rc8 27. Kh2 b4 28. axb4 axb4 29. Rc4 g6 30. g3 Rxd4 31. Rxc6 Rxc6 32. Rxc6 Rd2 33. Rb6 Qd4 34. Rf6 Qd7 35. Ra6 Rxb2 36. Qf6 Re2 37. Rd6 Rxf2+ 38. Kg1 Rxf6 39. Rxd7 Rb6 40.
Rd3 b3 41. Rd1 b2 42. Rb1 f5 43. Kf2 Kf7 44. Ke3 Rb3+ 45. Kd4 Rxg3 46. Rxb2 Rxh3 47. Ke5 Re3+ 48. Kf4 Re4+ 49. Kf3 Kf6 50. Rh2 h5 51. Rg2 h4 52. Rb2 Kg5 53. Rg2+ Kh5 54. Rh2 g5 55. Ra2 g4+ 56. Kf2 Rc4 57. Ra5 Kg5 58. Ra8 Kf4 59. Rh8 Rc2+ 60. Kg1 Kg3 61. Kf1 h3 62.
Rc8 f4 63. Rxc2 h2 0-1

[Event "*** Titled Tuesday Blitz"]
[Site "Chess.com"]
[Date "2020.11.03"]
[Round "7"]
[White "Smile2005"]
[Black "TheCavemanChesss"]
[Result "1-0"]
[WhiteElo "2315"]
[BlackElo "2453"]
[TimeControl "180+1"]
[EndTime "11:22:19 PST"]
[Termination "Smile2005 won by checkmate"]

1. Nf3 Nf6 2. g3 d5 3. Bg2 c5 4. O-O Nc6 5. d3 e5 6. e4 d4 7. a4 Be7 8. Na3 Be6 9. Ng5 Bd7 10. Nc4 h6 11. Nf3 Qc7 12. Nh4 g6 13. Nf3 b6 14.
Bd2 Rb8 15. Ne1 a6 16. f4 Ng4 17. h3 b5 18. axb5 axb5 19. hxg4 bxc4 20. dxc4 Rxb2 21. Nd3 Rb8 22. f5 Qd6 23. Ra6 Bc8 24. Ra1 Bg5 25. fxg6 fxg6 26. Bxg5 hxg5 27. Qd2 Qe7 28. Rf2 Be6 29. Ra6 Nb4 30. Ra5 Nxd3 31. cxd3 Qh7 32. Rf6 Qh2+ 33. Kf2 Rh3 34. Rb5 Qxg3+ 35. Kf1 Rxb5 36.
cxb5 Bxg4 37. Qa2 Rh1+ 38. Bxh1 Bh3+ 39. Bg2 Qxd3+ 40. Kg1 Qe3+ 41. Kh2 Bxg2 42. Qxg2 d3 43. Rd6 c4 44. b6 c3 45. b7 Qf4+ 46. Kh1 Qc1+ 47. Kh2 Qb1 48. Qxg5 Qb2+ 49. Kg3 Qxb7 50. Re6+ Kd7 51. Qf6 Kc7 52. Re7+ Kb8 53. Qf8+ Ka7 54.
Rxb7+ Kxb7 55. Qe7+ Kc6 56. Qxe5 c2 57. Qc3+ Kb7 58.
Qd2 Kb6 59. Kf3 Kc5 60. Ke3 Kc4 61. e5 g5 62. e6 g4 63. e7 g3 64. e8=Q g2 65.
Qc6+ Kb3 66. Qcxg2 c1=Q 67. Qxc1 d2 68. Qgxd2 Ka4 69. Qdb2 Ka5 70. Qca1# 1-0